 BcadrenCrawl: Boulder Brew version 0.03.2.1-53-g4a99f7c548 (webtiles) character file.

Game seed: 5580683461459260219, levelgen mode: deterministic

2065 esc the Fighter (level 9, -27/89 HPs) Blue Draconian Demonspawn. Began on Jan 30, 2021. Annihilated by a reaper ... wielding a +0 vampiric scythe ... summoned by a guardian mummy's death curse (44 damage) ... on level 3 of the Dungeon. The game lasted 00:08:18 (3160 turns).

esc the Fighter (Blue Draconian Demonspawn)         Turns: 3160, Time: 00:08:18

Health: -27/89     AC:  8    Str: 22    XL:     9 ^: 2577
Magic:  0/11       EV: 14    Int: 17    God:
Gold:   160        SH:  0    Dex: 16    Spells: 9/10 levels left

rFire    . . .     Vision   .   e - +7 hunting sling "Giqua" {freeze, Fragile Int+5 Dex+2}
rCold    . . .     Gourm    .     - Unarmed
rNeg     . . .     Faith    .   (armour unavailable)
rPois    .         Spirit   +   (helmet restricted)
rElec    +         Reflect  .   (no cloak)
rCorr    .         Harm     .   (no gloves)
MR       .....                  (no boots)
Stlth    ++........             (no amulet)
HPRegen  0.39/turn              c - ring of slaying
MPRegen  0.21/turn              w - ring of strength

@: about to teleport
A: no body armour, unfitting armour, talons 1, powered by death 3, magic shield,
cold-blooded, air enhancer 1, rElec, AC +8
a: Breathe Lightning


You were on level 3 of the Dungeon.
You were not hungry.

You visited 1 branch of the dungeon, and saw 3 of its levels.

You collected 160 gold pieces.

Inventory:

Weapons
 e - the +7 hunting sling "Giqua" (weapon) {freeze, Fragile Int+5 Dex+2}
   (You acquired it on level 1 of the Dungeon)

   It causes projectiles fired from it to freeze those they strike, causing
   extra injury to most foes and up to half again as much damage against
   particularly susceptible opponents.
   They can also slow down cold-blooded creatures.
   It affects your intelligence (+5).
   It affects your dexterity (+2).
   It will be destroyed if unequipped or dropped on death.
Jewellery
 c - a ring of slaying (left hand)
 n - a cursed ring of intelligence {(Curse: rF- Str-3)}
 w - a ring of strength (right hand)
Wands
 r - a wand of polymorph (1)
 v - a wand of random effects (29)
Scrolls
 d - 6 scrolls of teleportation
 g - a scroll of fear
 i - 2 scrolls of amnesia
 j - a scroll of bless item
 o - a scroll of magic mapping
 p - 2 scrolls of immolation
Potions
 a - 4 potions of curing
 f - 2 potions of ambrosia
 h - 3 potions of brilliance
 k - 2 potions of heal wounds
 l - a potion of invisibility
 m - a potion of agility
 q - a potion of magic
 t - a potion of haste
 u - 3 potions of mutation
Comestibles
 b - 8 rations
 s - 7 chunks of flesh


   Skills:
 + Level 11.2 Fighting
 - Level 3.5 Slings
 + Level 3.2 Dodging
 - Level 1.3 Stealth
 - Level 2.0 Unarmed Combat
 - Level 1.3 Spellcasting
 - Level 1.5 Fire Magic
   Level 3.0 Invocations


You had 9 spell levels left.
You knew the following spells:

 Your Spells              Type           Power        Failure   Level  Hunger
a - Flame Tongue          Fire           6 (30)       11%         1    ##.....

Your spell library contained the following spells:

 Spells                   Type           Power        Failure   Level  Hunger
 Blink                    Tloc           N/A          30%         2    ###....
 Call Imp                 Summ           1 (100)      30%         2    ###....
 Slow                     Hex            1 (100)      30%         2    ###....
 Conjure Flame            Fire           6 (100)      32%         3    ####...
 Mephitic Cloud           Pois/Air       1 (100)      52%         3    ####...


Dungeon Overview and Level Annotations

Branches:
Dungeon (3/8)

Altars:
Okawaru


Innate Abilities, Weirdness & Mutations

You cannot fit into any form of body armour.
Your flickering blue scales are hard. (AC +8)
You can breathe wild blasts of lightning You have sharp toenails.
You regenerate a lot of health from kills.
When hurt, damage is shared between your health and your magic reserves.
You are cold-blooded and may be slowed by cold attacks.
You are in touch with the powers of the sky.
Your flickering blue scales grant you resistance to electric shocks. (rElec)


Message History

The sling bullet freezes the phantom (2).
The phantom is severely damaged. (12/39) HP
Aiming:
e - the +7 hunting sling "Giqua" {freeze, Fragile Int+5 Dex+2}, Range: 2 (50%)
Press: ? - help, Shift-Dir - straight line, f/p - reaper
Aim: a reaper, wielding a vampiric scythe (lightly wounded (75/80), summoned)
You shoot a sling bullet. The sling bullet hits the reaper (5).
The sling bullet freezes the reaper (1).
The reaper is lightly wounded. (69/80) HP The reaper hits you from afar with a vampiric scythe (44)!!!
* * * LOW HITPOINT WARNING * * *
The reaper draws strength from your wounds (13)!
Unknown command.
Press: ? - help, v - describe, . - travel, g - get item
Here: a reaper, wielding a vampiric scythe (healthy (80/80), summoned)
You see here a potion of might.
Unknown command.
As you read the scroll of teleportation, it crumbles to dust.
You feel strangely unstable.
The reaper hits you from afar with a vampiric scythe (46)!!!
You die...

#... ##.. #.#+ #######
#######...
......####.....##..
#.###..........####
#.#W#..###.....##..
##.###.##+..# #.........
......W@...## #.........
#+.?!2.#'#.# #..##.####
.#.!8?.#.#.# ##+##.####
#.$?/.#+#.. #.........
...........$.........)).
##.#)#.###.............)
#.#>#. +....#..##..### #
+##. ....### ###### #.†


You could see a reaper and a phantom.

Vanquished Creatures
  A wraith (D:3)
  A guardian mummy (D:3)
  2 humans (D:3)
  A slime creature (D:2)
  A water moccasin (D:2)
  2 ogres (D:3)
  A crocodile (D:2)
  2 big kobolds (D:2)
  A bullfrog (D:2)
  A howler monkey (D:3)
  5 jellies (D:2)
  2 orc wizards (D:3)
  Natasha (thrice) (D:2)
  3 worker ants (D:3)
  5 giant cockroaches
  6 adders
  22 sewer rats
  4 cinder newts
  4 worms (D:2)
  3 oozes
  2 dart slugs
  4 leopard geckos (D:2)
  6 orcs (D:3)
  5 ball pythons
  4 goblins (D:1)
  4 hobgoblins (D:1)
  6 jackals (D:3)
  8 bats
  4 kobolds
  A kobold skeleton (D:2)
  2 orc skeletons (D:2)
  2 rats
  2 rat skeletons (D:2)
  A giant blowfly (D:2)
  16 withered plants (D:2)
137 creatures vanquished.

Vanquished Creatures (others)
  207 withered plants (D:2)
207 creatures vanquished.

Grand Total: 344 creatures vanquished

Notes
Turn   | Place    | Note
-------+----------+-------------------------------------------
     0 | D:1      | esc the Immature Draconian Demonspawn began the quest for
                  | the Orb.
     0 | D:1      | Reached XP level 1. HP: 16/16 MP: 3/3
   141 | D:1      | Identified a scroll of acquirement
   146 | D:1      | Identified the +7 hunting sling "Giqua" {freeze, Fragile
                  | Int+5 Dex+2} (You acquired it on level 1 of the Dungeon)
   275 | D:1      | Reached skill level 2 in Fighting
   275 | D:1      | Gained mutation: You regenerate a little health from kills.
                  | [demonic ancestry]
   275 | D:1      | Reached XP level 2. HP: 24/24 MP: 4/4
   473 | D:1      | Reached skill level 3 in Fighting
   500 | D:1      | Reached XP level 3. HP: 31/31 MP: 5/5
   885 | D:1      | Reached skill level 4 in Fighting
   902 | D:1      | Gained mutation: You regenerate health from kills. [demonic
                  | ancestry]
   902 | D:1      | Reached XP level 4. HP: 36/40 MP: 6/6
  1003 | D:2      | Reached skill level 5 in Fighting
  1012 | D:2      | Reached XP level 5. HP: 48/48 MP: 7/7
  1051 | D:2      | Reached skill level 6 in Fighting
  1090 | D:2      | Reached XP level 6. HP: 49/58 MP: 8/8
  1145 | D:2      | Reached skill level 7 in Fighting
  1357 | D:2      | Reached skill level 8 in Fighting
  1357 | D:2      | Your scales start taking on a flickering blue colour.
  1357 | D:2      | Reached XP level 7. HP: 68/68 MP: 9/9
  1357 | D:2      | Gained mutation: When hurt, damage is shared between your
                  | health and your magic reserves. [demonic ancestry]
  1357 | D:2      | Gained mutation: Your flickering blue scales grant you
                  | resistance to electric shocks. (rElec) [Blue Draconian
                  | growth]
  1357 | D:2      | Gained mutation: You are in touch with the powers of the
                  | sky. [Blue Draconian growth]
  1381 | D:2      | Noticed Natasha
  1383 | D:2      | Killed Natasha
  1497 | D:2      | Reached skill level 9 in Fighting
  1674 | D:2      | Noticed Natasha
  1677 | D:2      | Killed Natasha
  1837 | D:2      | Reached skill level 10 in Fighting
  1837 | D:2      | Gained mutation: You have sharp toenails. [demonic
                  | ancestry]
  1837 | D:2      | Reached XP level 8. HP: 79/79 MP: 10/10
  2525 | D:2      | Noticed Natasha
  2526 | D:2      | Killed Natasha
  2628 | D:3      | Reached skill level 1 in Slings
  2986 | D:3      | Found an iron altar of Okawaru.
  3150 | D:3      | Reached skill level 11 in Fighting
  3151 | D:3      | Noticed a wraith
  3156 | D:3      | Gained mutation: You regenerate a lot of health from kills.
                  | [demonic ancestry]
  3156 | D:3      | Reached XP level 9. HP: 89/89 MP: 11/11
  3160 | D:3      | Annihilated by a reaper

Levels and vault maps discovered:
D:1:      lemuel_arrival_behind_the_door_small, layout_loops_corners
D:2:      layout_sewer, sewer_co_tree, uniq_natasha
D:3:      layout_gridville, okawaru_humans, first_ration,
          miniossuary_due_ghosttown

Skill      XL: |  1  2  3  4  5  6  7  8 |
---------------+-------------------------+-----
Unarmed Combat | 2 |  2.0
Fighting       | 2 3 4 5 6 8 10 11 | 11.2
Slings         | 3 |  3.5
Dodging        | 3 |  3.2
Stealth        | |  1.3
Spellcasting   | |  1.3
Fire Magic     | |  1.5
Invocations    | |  3.0

Action                   |  1- 3 |  4- 6 |  7- 9 || total
-------------------------+-------+-------+-------++-------
Melee: Unarmed           |    55 |    30 |    27 ||   112
       Tailslap          |     3 |     4 |     6 ||    13
       Kick              |       |       |     7 ||     7
 Fire: Hunting sling     |    20 |    49 |    84 ||   153
 Abil: Breathe Lightning |       |       |     2 ||     2
  Use: Scroll            |     1 |       |     1 ||     2
 Stab: Sleeping          |       |       |     1 ||     1
  Eat: Chunk             |       |     2 |     3 ||     5
       Ration            |       |       |     1 ||     1
Armor: Skin              |    13 |     6 |     1 ||    20
Dodge: Dodged            |    50 |    30 |     6 ||    86
